 Dungeon Crawl Stone Soup version 0.30-a0-918-g0ff054e9dc (webtiles) character file.

Game seed: 10204897285877337759

64207 Iniera the Slicer (level 15, 0/124 HPs)
             Began as a Vine Stalker Monk on Mar 20, 2023.
             Was the Champion of Cheibriados.
             Slain by an eight-headed hydra (12 damage)
             ... on level 5 of the Lair of Beasts.
             The game lasted 00:34:03 (16027 turns).

Iniera the Slicer (Vine Stalker Monk)              Turns: 16027, Time: 00:34:03

Health: 0/124      AC: 27    Str: 36    XL:     15   Next: 12%
Magic:  0/23       EV:  2    Int: 25    God:    Cheibriados [******]
Gold:   1299       SH: 17    Dex: 44    Spells: 14/14 levels left

rFire   . . .      SeeInvis .    b - +3 rapier (heavy)
rCold   . . .      Faith    .    n - +0 kite shield
rNeg    . . .      Spirit   +    e - melded +2 plate armour {rPois}
rPois   +          Reflect  .    F - melded +1 helmet {Int+3}
rElec   .          Rampage  .    g - melded +0 cloak
rCorr   .          NoTele   +    a - melded +2 pair of gloves
Will    +....                    A - melded +0 pair of boots
Stlth   ++++                     G - amulet of regeneration
HPRegen 2.00/turn                i - +6 ring of dexterity
MPRegen 0.18/turn                o - +6 ring of strength

@: tree-form (expiring), very slow
A: stationary, stasis, torment immunity, boosted hp, (fangs 3), regeneration 1,
magic shield, (antimagic bite), no potion heal 2
a: Renounce Religion, Bend Time, Temporal Distortion, Slouch, Step From Time


You were on level 5 of the Lair of Beasts.
You worshipped Cheibriados.
Cheibriados was exalted by your worship.
You were a tree.
You visited 3 branches of the dungeon, and saw 19 of its levels.
You visited the Abyss 1 time.

You collected 1695 gold pieces.
You spent 396 gold pieces at shops.

Inventory:

Hand Weapons
 b - a +3 heavy rapier (weapon)
 z - a +2 scimitar of flaming
 I - a +0 rapier
Missiles
 y - a throwing net (quivered)
Armour
 a - a +2 pair of gloves (melded)
 e - a +2 plate armour of poison resistance (melded)
 g - a +0 cloak (melded)
 n - a +0 kite shield (worn)
 A - a +0 pair of boots (melded)
 F - a +1 helmet of intelligence (melded)
Jewellery
 i - a +6 ring of dexterity (left branch)
 o - a +6 ring of strength (right branch)
 v - an amulet of magic regeneration
 G - an amulet of regeneration (around neck)
 J - a ring of see invisible
Wands
 c - a wand of flame (55)
 j - a wand of light (3)
 q - a wand of roots (28)
Scrolls
 d - a scroll of fear
 f - 6 scrolls of teleportation
 k - 3 scrolls of fog
 x - 4 scrolls of magic mapping
 C - 2 scrolls of poison
 D - a scroll of blinking
 H - a scroll of amnesia
Potions
 l - 2 potions of brilliance
 m - 9 potions of curing
 p - 2 potions of cancellation
 r - 4 potions of attraction
 s - a potion of invisibility
 t - 4 potions of magic
 u - a potion of ambrosia
 w - 2 potions of might
 B - 4 potions of flight
 E - a potion of mutation
 M - a potion of resistance {unknown}
Miscellaneous
 L - a phial of floods


   Skills:
 + Level 11.5 Fighting
 - Level 13.1 Short Blades
 + Level 10.0 Armour
 + Level 4.9 Dodging
 - Level 2.4 Stealth
 + Level 9.7 Shields
 + Level 10.0 Invocations


You had 14 spell levels left.
You didn't know any spells.
Your spell library contained the following spells:

 Spells                   Type           Power      Damage    Failure   Level
 Foxfire                  Conj/Fire      0%         2x1d4     30%         1
 Kiss of Death            Conj/Necr      0%         2d5       30%         1
 Scorch                   Fire           0%         2d5       43%         2
 Sublimation of Blood     Necr           0%         N/A       43%         2
 Wereblood                Tmut           0%         N/A       43%         2
 Confusing Touch          Hex            0%         N/A       67%         3
 Ignite Poison            Fire/Tmut/Pois 0%         N/A       67%         3
 Ozocubu's Armour         Ice            0%         N/A       67%         3
 Dispel Undead            Necr           0%         3d6       97%         4
 Flame Wave               Conj/Fire      0%         2d4       97%         4
 Petrify                  Tmut/Erth      0%         N/A       97%         4
 Sticky Flame             Conj/Fire      0%         2d3       97%         4
 Fireball                 Conj/Fire      0%         3d3       100%        5
 Irradiate                Conj/Tmut      0%         3d11      100%        5
 Starburst                Conj/Fire      0%         6d3       100%        6
 Summon Cactus Giant      Summ           0%         N/A       100%        6
 Ozocubu's Refrigeration  Ice            0%         4d7       100%        7
 Summon Hydra             Summ           0%         N/A       100%        7
 Borgnjor's Revivificati  Necr           0%         N/A       100%        8
 Ignition                 Fire           0%         3d3       100%        8
 Necromutation            Tmut/Necr      0%         N/A       100%        8
 Death's Door             Necr           0%         N/A       100%        9


Dungeon Overview and Level Annotations

Branches:
Dungeon (13/15)            Temple (1/1) D:4            Lair (5/5) D:9
  Swamp (0/4) Lair:3       Spider (0/4) Lair:3        Slime (0/5) Lair:4
    Orc (0/2) D:11         Vaults (0/5) D:13

Altars:
Ashenzari
Cheibriados
Dithmenos
Elyvilon
Fedhas
Gozag
Hepliaklqana
Kikubaaqudgha
Makhleb
Nemelex Xobeh
Okawaru
Qazlal
Ru
Sif Muna
Trog
Uskayaw
Vehumet
Wu Jian
Xom
Yredelemnul
Zin
The Shining One
Jiyva

Shops:
D:1 :   D:10 *

Annotations:
D:5 3 runed translucent doors, Pokonic1's ghost, novice DrVM
Lair:3 2 transporters, Vade's ghost, journeyman DsGl


Innate Abilities, Weirdness & Mutations

You are a tree.
Your roots penetrate the ground, keeping you stationary.
You cannot be teleported.
You are immune to unholy pain and torment.
Your maximum health is greatly increased.
Your equipment is partially melded.
((You have razor-sharp teeth.))
Your natural rate of healing is unusually fast.
When hurt, damage is shared between your health and your magic reserves.
((Your bite disrupts and absorbs the magic of your enemies.))
Potions cannot restore your health.


Message History

You step out of the flow of time.
You return to the normal time flow.
The eight-headed hydra roars!
A water moccasin comes into view.
The water moccasin hisses angrily.
You impale the eight-headed hydra!!
The eight-headed hydra is heavily wounded.
Your transformation is almost over.
You block the eight-headed hydra's attack.
The eight-headed hydra bites you but does no damage. x2
The eight-headed hydra barely misses you.
The eight-headed hydra bites you but does no damage.
You block the eight-headed hydra's attack.
The eight-headed hydra bites you.
* * * LOW HITPOINT WARNING * * *
The eight-headed hydra bites you but does no damage.
Unknown command.
Unknown command.
Unknown command.
You hit the eight-headed hydra.
The eight-headed hydra is heavily wounded.
You block the eight-headed hydra's attack. x2
The eight-headed hydra bites you but does no damage. x2
The eight-headed hydra bites you.
* * * LOW HITPOINT WARNING * * *
The eight-headed hydra bites you but does no damage.
The eight-headed hydra bites you.
You block the eight-headed hydra's attack.
Unknown command.
Unknown command.
Unknown command.
Unknown command.
Unknown command.
Unknown command.
Unknown command.
Unknown command.
You puncture the eight-headed hydra!
The eight-headed hydra is severely wounded.
You block the eight-headed hydra's attack. x2
The eight-headed hydra bites you!
You die...

###...#...# . ... .#...
#....##...#.. .... .#..
#.........#.. ....#...#
#...#...#... ...†)#...
#....#...... ........#
#P......#... .......S#
###P......#.. .......D##
#........##.. ......†♣.#
##...##..##..
....##..######.###......
. ##..##.#P..##......
#.........###......
#.........###......
##.........##..P...
#.............##..
##.###..8.#....##..
#...###...###...#..


You could see an eight-headed hydra and a water moccasin.

Vanquished Creatures
  3 tentacled starspawn (Abyss:2)
  A dire elephant (Lair:5)
  Azrael (D:13)
  Snorg (D:12)
  2 catoblepae
  3 hydras
  A boulder beetle (D:13)
  3 two-headed ogres
  A deep troll shaman (Lair:5)
  5 death yaks (Lair:5)
  Urug (Lair:2)
  A wretched star (Abyss:2)
  A bog body (Lair:3)
  A wizard (D:13)
  An ugly thing (D:13)
  A necromancer (D:13)
  A deep elf pyromancer (D:13)
  2 manticores (D:12)
  21 elephants
  3 cyclopes
  Maurice (D:12)
  6 black mambas
  A torpor snail (Lair:5)
  8 cane toads
  Maggie (Lair:1)
  3 smoke demons (Abyss:2)
  2 kobold demonologists (D:12)
  An unseen horror (D:13)
  A rime drake (Lair:3)
  8 komodo dragons
  3 trolls
  A tengu conjurer (D:13)
  2 hellwings (Abyss:2)
  3 meliai (D:13)
  3 hornets
  9 dream sheep (Lair:5)
  16 blink frogs
  A culicivora (Lair:3)
  3 slime creatures (D:13)
  2 wraiths (D:10)
  7 wyverns
  43 yaks
  2 ynoxinuls (Abyss:2)
  A fire elemental (D:13)
  Eustachio (D:4)
  A shadow (D:10)
  5 basilisks
  A neqoxec (Abyss:2)
  6 starcursed masses (Abyss:2)
  A steam dragon (D:9)
  7 vampire mosquitoes
  3 wargs (D:9)
  14 water moccasins
  6 hell hounds (D:13)
  2 large abominations (Abyss:2)
  7 orc warriors
  5 black bears
  An ice beast (D:6)
  8 centaurs
  4 ogres
  26 wolves
  3 kobold brigands
  6 bullfrogs
  3 gnoll sergeants
  A scorpion (D:5)
  4 wights
  19 killer bees
  7 electric eels
  5 howler monkeys
  A quasit (Abyss:2)
  2 hounds
  7 jellies
  5 orc priests
  A gnoll bouda (D:9)
  4 iguanas
  Ijyb (D:4)
  17 orc wizards
  21 gnolls
  3 adders
  2 white imps
  3 ufetubi (D:6)
  2 dart slugs
  A worm (D:2)
  58 orcs
  3 ball pythons
  6 endoplasms
  5 giant cockroaches
  7 goblins
  7 hobgoblins
  20 kobolds
  4 quokkas (D:4)
  8 bats
  A frilled lizard (D:1)
  8 rats
525 creatures vanquished.

Vanquished Creatures (others)
  18 fungi
  A lurking horror (Abyss:2)
  29 plants
  11 starspawn tentacles (Abyss:2)
59 creatures vanquished.

Grand Total: 584 creatures vanquished

Notes
Turn   | Place    | Note
-------+----------+-------------------------------------------
     0 | D:1      | Iniera the Vine Stalker Monk began the quest for the Orb.
     0 | D:1      | Reached XP level 1. HP: 11/11 MP: 2/2
   129 | D:1      | Reached skill level 3 in Short Blades
   133 | D:1      | Reached XP level 2. HP: 16/16 MP: 3/3
   248 | D:1      | Found a faded altar of an unknown god.
   288 | D:1      | Prayed at the altar of an unknown god.
   288 | D:1      | Became a worshipper of Cheibriados the Contemplative
   288 | D:1      | Reached * piety under Cheibriados
   288 | D:1      | Reached ** piety under Cheibriados
   351 | D:1      | Reached *** piety under Cheibriados
   404 | D:1      | Reached XP level 3. HP: 13/19 MP: 2/4
   549 | D:1      | Found Kyackuv's Book Boutique.
  1063 | D:2      | Reached skill level 4 in Short Blades
  1558 | D:2      | Reached **** piety under Cheibriados
  1786 | D:2      | Gained mutation: Your natural rate of healing is unusually
                  | fast. [Vine Stalker growth]
  1786 | D:2      | Reached XP level 4. HP: 21/23 MP: 5/5
  1904 | D:3      | Found a hide-covered altar of Uskayaw.
  1904 | D:3      | Noticed a +0 dagger
  1904 | D:3      | Noticed a +0 hand axe
  2098 | D:3      | Found an ornate altar of the Wu Jian Council.
  2255 | D:3      | Found a sparkling altar of Nemelex Xobeh.
  2256 | D:3      | Found an opulent altar of Gozag.
  2421 | D:4      | Noticed a black bear
  2454 | D:4      | Killed a black bear
  2455 | D:4      | Reached skill level 5 in Short Blades
  2455 | D:4      | Reached skill level 1 in Invocations
  2455 | D:4      | Reached XP level 5. HP: 23/28 MP: 4/7
  2499 | D:4      | Noticed Ijyb
  2507 | D:4      | Reached XP level 6. HP: 7/32 MP: 8/8
  2510 | D:4      | Reached ***** piety under Cheibriados
  2623 | D:4      | Killed Ijyb
  2743 | D:4      | Found a large runed translucent door.
  2743 | D:4      | Found a shimmering altar of Xom.
  2743 | D:4      | Found a large runed translucent door.
  2816 | D:4      | Noticed Eustachio
  2830 | D:4      | Killed Eustachio
  2831 | D:4      | Reached skill level 6 in Short Blades
  2831 | D:4      | Reached XP level 7. HP: 34/37 MP: 9/9
  2842 | D:4      | Found a staircase to the Ecumenical Temple.
  2846 | Temple   | Entered the Ecumenical Temple
  3533 | D:4      | Reached skill level 1 in Armour
  3767 | D:5      | Entered Level 5 of the Dungeon
  4112 | D:5      | Gained mutation: You have razor-sharp teeth. [Vine Stalker
                  | growth]
  4112 | D:5      | Reached XP level 8. HP: 41/42 MP: 11/11
  4275 | D:5      | Reached skill level 5 in Fighting
  4390 | D:5      | Found a runed translucent gate.
  4391 | D:5      | Found a runed translucent gate.
  4392 | D:5      | Found a runed translucent gate.
  4433 | D:5      | Noticed Pokonic1's ghost (novice DrVM)
  4995 | D:6      | Reached XP level 9. HP: 46/48 MP: 13/13
  5027 | D:6      | Reached skill level 5 in Invocations
  5097 | D:6      | Found a glowing golden altar of the Shining One.
  5365 | D:7      | Reached skill level 1 in Shields
  5405 | D:7      | Found a burning altar of Makhleb.
  5666 | D:7      | Found a broken altar of Ashenzari.
  6687 | D:8      | Found a hazy altar of Hepliaklqana.
  6748 | D:8      | Found a white marble altar of Elyvilon.
  7032 | D:9      | Reached skill level 5 in Armour
  7033 | D:9      | Reached ****** piety under Cheibriados
  7038 | D:9      | Reached XP level 10. HP: 51/55 MP: 13/15
  7078 | D:9      | Reached skill level 7 in Short Blades
  7082 | D:9      | Noticed a two-headed ogre
  7096 | D:9      | Killed a two-headed ogre
  7138 | D:9      | Found a staircase to the Lair.
  7235 | D:9      | Reached skill level 8 in Short Blades
  7380 | D:9      | Identified the +5 falchion "Atheojen" {pain, rC+ Int+2}
  7405 | D:9      | Found a stormy altar of Qazlal.
  7416 | D:9      | Found a bloodstained altar of Trog.
  8004 | D:10     | Entered Level 10 of the Dungeon
  8167 | D:10     | Found a radiant altar of Vehumet.
  8227 | D:10     | Reached XP level 11. HP: 60/60 MP: 16/16
  8465 | D:10     | Noticed a cyclops
  8471 | D:10     | Killed a cyclops
  8472 | D:10     | Reached skill level 9 in Short Blades
  8489 | D:10     | Noticed a two-headed ogre
  8503 | D:10     | Killed a two-headed ogre
  8504 | D:10     | Reached skill level 5 in Shields
  8777 | D:10     | Found Sahampost's Assorted Antiques.
  8783 | D:10     | Bought a scroll of enchant weapon for 187 gold pieces
  8783 | D:10     | Bought a lumpy ruby potion for 22 gold pieces
  8783 | D:10     | Bought a runed helmet for 187 gold pieces
  8960 | D:11     | Noticed a two-headed ogre
  8967 | D:11     | Killed a two-headed ogre
  9628 | D:11     | Found a staircase to the Orcish Mines.
  9650 | D:12     | Noticed Snorg
  9657 | D:12     | Killed Snorg
  9658 | D:12     | Reached skill level 10 in Short Blades
  9797 | D:12     | Noticed a cyclops
  9802 | D:12     | Killed a cyclops
 10000 | D:12     | Reached XP level 12. HP: 65/65 MP: 17/17
 10339 | D:12     | Noticed Maurice
 10345 | D:12     | Killed Maurice
 10780 | D:13     | Noticed a seven-headed hydra
 10785 | D:13     | Killed a seven-headed hydra
 10786 | D:13     | Reached skill level 11 in Short Blades
 10952 | D:13     | Noticed a catoblepas
 10954 | D:13     | Noticed a boulder beetle
 10970 | D:13     | Killed a catoblepas
 10980 | D:13     | Killed a boulder beetle
 11043 | D:13     | Noticed Azrael
 11059 | D:13     | Killed Azrael
 11105 | D:13     | Identified the +6 chain mail "Reanaad" {rN++ Regen+ rCorr
                  | Slay-4}
 11353 | D:13     | Found a gate to the Vaults.
 11499 | Lair:1   | Entered Level 1 of the Lair of Beasts
 11506 | Lair:1   | Reached XP level 13. HP: 67/71 MP: 19/19
 11601 | Lair:1   | Noticed Maggie
 11610 | Lair:1   | Killed Maggie
 11611 | Lair:1   | Reached skill level 12 in Short Blades
 11888 | Lair:1   | You fall into a shaft and drop 1 floor!
 12057 | Lair:1   | Reached skill level 10 in Fighting
 12509 | Lair:2   | Noticed Urug
 12511 | Abyss:2  | Cast into level 2 of the Abyss (Urug)
 12520 | Abyss:2  | Noticed a starcursed mass
 12552 | Abyss:2  | Found a corrupted altar of Lugonu.
 12679 | Abyss:2  | Noticed a tentacled starspawn
 12686 | Abyss:2  | Killed a tentacled starspawn
 12727 | Abyss:2  | Noticed a tentacled starspawn
 12741 | Abyss:2  | Killed a tentacled starspawn
 12753 | Abyss:2  | Noticed a tentacled starspawn
 12769 | Abyss:2  | Killed a tentacled starspawn
 12776 | Lair:2   | Escaped the Abyss
 12781 | Lair:2   | Killed Urug
 13789 | Lair:3   | Found a hole to the Spider Nest.
 13794 | Lair:3   | Reached skill level 13 in Short Blades
 13824 | Lair:3   | Reached XP level 14. HP: 74/77 MP: 21/21
 14050 | Lair:3   | Found a staircase to the Swamp.
 14162 | Lair:3   | Found a transporter.
 14166 | Lair:3   | Noticed Vade's ghost (journeyman DsGl)
 14239 | Lair:3   | Found a transporter.
 14620 | Lair:4   | Found a staircase to the Slime Pits.
 14620 | Lair:4   | Found a viscous altar of Jiyva.
 15443 | Lair:5   | Entered Level 5 of the Lair of Beasts
 15814 | Lair:5   | Reached XP level 15. HP: 81/83 MP: 23/23
 15866 | Lair:5   | Identified the staff of death "Ageut" {rN+ Int+2}
 16010 | Lair:5   | Reached skill level 10 in Armour
 16010 | Lair:5   | Reached skill level 10 in Invocations
 16016 | Lair:5   | HP: 5/124 [eight-headed hydra (9)]
 16018 | Lair:5   | HP: 1/124 [elephant (3)]
 16027 | Lair:5   | Slain by an eight-headed hydra

Illustrated notes

Levels and vault maps discovered:
D:1:      dpeg_arrival_tiny_k, layout_loops_ring, serial_shops, shop,
          hellmonk_ecumenical_altar_run_dry, minmay_misc_feat_roman,
          nicolae_figureground_pulse
D:2:      layout_loops_corners, serial_forest, infiniplex_forest_end_3,
          infiniplex_forest_fountain, infiniplex_forest_straight_5,
          infiniplex_forest_clump_double, infiniplex_forest_corner_2
D:3:      layout_basic, grunt_temple_overflow_opulence, old_standard_altar,
          dancing_weapons_uskayaw
D:4:      due_chaos_kobolds, layout_basic, minmay_temple_entry_glassed_door,
          uniq_eustachio, uniq_ijyb
D:5:      layout_basic, ebering_ghost_rock_garden
D:6:      layout_loops_cross, nicolae_overflow_hidden_temple
D:7:      layout_basic, mainiacjoe_overflow_catwalk, lemuel_doored_altar,
          serial_bayou_ford_a
D:8:      layout_loops_ring, kennysheep_mini_moat, nicolae_elyvilon_temple_path,
          chequers_jeans
D:9:      layout_basic, amethyst_overflow_temple_binary,
          erik_lair_orcish_takeover
D:10:     minmay_polygon_palace, layout_basic, lemuel_round_altar, serial_shops,
          shop
D:11:     layout_loops_ring, hiddenorc1_lemuel
D:12:     layout_loops_corners, uniq_maurice, uniq_snorg
D:13:     layout_loops_cross, david_vaults_1, small_statue_intersection,
          uniq_azrael
Temple:   hellmonk_temple_flake
Lair:1:   layout_cellular_growth, grunt_megastairs_1, uniq_maggie
Lair:2:   layout_layer_cave, infiniplex_staircase_pool_2, uniq_urug
Lair:3:   layout_chaotic_city, skrybe_swamp_entry_bodies,
          spider_nest_entry_rubble, nzn_ghost_randoct, serial_bayou_shore_a
Lair:4:   layout_hall_layers, nicolae_slime_entry_slimehenge,
          beast_lair_carwin_11, grunt_megastairs_4
Lair:5:   grunt_lair_end_beastmaster, layout_long_grid, grunt_megastairs_5

Skill      XL: |  1  2  3  4  5  6  7  8  9 10 11 12 13 14 15 |
---------------+----------------------------------------------+-----
Short Blades   | 3 4 5 6 8 10 11 13 | 13.1
Fighting       | 3 4 6 7 8 9 10 11 | 11.5
Invocations    | 1 3 4 6 7 8 9 10 | 10.0
Armour         | 2 3 5 6 7 8 9 10 | 10.0
Shields        | 2 4 6 7 8 9 |  9.7
Dodging        | 4 |  4.9
Stealth        | |  2.4

Action                     |  1- 3 |  4- 6 |  7- 9 | 10-12 | 13-15 || total
---------------------------+-------+-------+-------+-------+-------++-------
  Melee: Short sword       |    95 |       |     8 |       |       ||   103
         Bite              |    28 |    28 |   113 |   183 |   304 ||   656
         Rapier            |    15 |    75 |    36 |   450 |   614 ||  1190
         Punch             |       |     2 |     2 |       |       ||     4
         Dagger            |       |    47 |   204 |       |       ||   251
 Invoke: Slouch            |       |       |       |     1 |     3 ||     4
         Bend Time         |       |       |       |     1 |     1 ||     2
         Step From Time    |       |       |       |       |     1 ||     1
  Evoke: Wand              |       |       |       |     1 |       ||     1
    Use: Scroll            |       |     9 |    13 |     6 |     3 ||    31
         Potion            |       |     3 |       |       |     5 ||     8
   Stab: Sleeping          |     1 |       |       |       |       ||     1
         Petrified         |       |       |       |       |     1 ||     1
 Armour: Chain mail        |    64 |    73 |    85 |   100 |       ||   322
         Skin              |       |    66 |       |       |    53 ||   119
         Plate armour      |       |       |    32 |   165 |   332 ||   529
  Dodge: Dodged            |    40 |    72 |   120 |   216 |   234 ||   682
  Block: Buckler           |       |       |    36 |    74 |       ||   110
         Kite shield       |       |       |       |   314 |   577 ||   891

Table legend: (Time is in decaauts)
 A = Elapsed time spent in this place.
 B = Non-inter-level travel time spent in this place.
 C = Inter-level travel time spent in this place.
 D = Time resting spent in this place.
 E = Time spent auto-exploring this place.
 F = Levels seen in this place.
 G = Mean time per level.
                   A        B        C        D        E       F      G
               +--------+--------+--------+--------+--------+-----+--------+
         Total |  27491 |  26079 |   1412 |    289 |  21077 |  20 | 1374.6 |
       Dungeon |  19174 |  18000 |   1174 |    280 |  14666 |  13 | 1474.9 |
        Temple |    271 |    254 |     17 |      0 |    235 |   1 |  271.0 |
          Lair |   7586 |   7366 |    220 |      0 |   6175 |   5 | 1517.2 |
         Abyss |    458 |    458 |      0 |      9 |      0 |   1 |  458.0 |
               +--------+--------+--------+--------+--------+-----+--------+

Top non-repeatable levels by time:
     D:9: 2148 daAuts
  Lair:2: 2134 daAuts
     D:4: 1866 daAuts
    D:12: 1629 daAuts
    D:10: 1625 daAuts
     D:2: 1623 daAuts
  Lair:3: 1576 daAuts
  Lair:1: 1510 daAuts
    D:13: 1508 daAuts
     D:7: 1498 daAuts
  Lair:4: 1479 daAuts
     D:5: 1411 daAuts
     D:8: 1390 daAuts
    D:11: 1287 daAuts
     D:1: 1153 daAuts
